Match 26125539
Unlisted

Match 26125539
End
Construct Infanterie Kompanie
Selects Luftwaffe Battlegroup
Selects Luftwaffe Pioneer Support
Fallschirmpioneer Squad Paradrop
Grenadier Squad
MG 42 Machine Gun Team
Grenadier Squad
Construct Panzergrenadier Kompanie
Selects Reconnaissance Run
Medical Station
Infanterie Officer Quarters
251 Medium Carrier
Selects Fallschirmjäger Squad Paradrop
MG 42 Machine Gun Team
Fallschirmjäger Squad Paradrop
Selects LG40 Recoilless Gun Paradrop
Pak 40 Anti-tank Gun Team
Pak 40 Anti-tank Gun Team
Panzergrenadier Officer Quarters
Construct Panzer Kompanie
Panzer IV Medium Tank
Selects Infantry Reserves
Panzer Officer Quarters
Side Skirts
Selects Stuka Loiter
Stuka Loiter
Panzer IV Medium Tank
MG 42 Machine Gun Team
Stuka Loiter
Sturmpanzer IV Brummbär
anioki
Royale with Cheese
Mephswall
snip
0
0

Comments sign in to comment!

No comments posted yet!